 Dungeon Crawl Stone Soup version 0.29-a0-43-g62a80824bf (webtiles) character file.

Game seed: 13006652950188477953

5553 dracfodder the Cleaver (level 10, -1/99 HPs)
             Began as a Gargoyle Berserker on Feb 3, 2022.
             Was an Elder of Trog.
             Slain by a two-headed ogre (7 damage)
             ... on level 9 of the Dungeon.
             The game lasted 00:41:35 (10487 turns).

dracfodder the Cleaver (Gargoyle Berserker)        Turns: 10487, Time: 00:41:36

Health: -1/99      AC: 20    Str: 27      XL:     10   Next: 71%
Magic:  10/10      EV:  9    Int:  8      God:    Trog [****..]
Gold:   315        SH:  0    Dex:  8 (9)  Spells: 9/9 levels left

rFire   . . .      SeeInvis .   a - +1 war axe (spect)
rCold   . . .      Faith    .   (no shield)
rNeg    + + .      Spirit   .   z - +0 chain mail
rPois   ∞          Reflect  .   (helmet restricted)
rElec   +          Harm     .   i - +0 cloak
rCorr   .          Rampage  .   l - +0 pair of gloves
Will    ++...                   (no boots)
Stlth   ..........              (no amulet)
HPRegen 1.26/turn               A - ring of positive energy
MPRegen 0.12/turn               (no ring)

@: berserking (expiring), strong-willed, regenerating, unable to read, very
quick
A: sickness immunity, AC +7, negative energy resistance 1, electricity
resistance, torment resistance 1, petrification resistance, horns 1,
deterioration 1, strong 1, inability to read while threatened
a: Renounce Religion, Berserk, Trog's Hand, Brothers in Arms


You were on level 9 of the Dungeon.
You worshipped Trog.
Trog was greatly pleased with you.
You visited 2 branches of the dungeon, and saw 11 of its levels.

You collected 495 gold pieces.
You spent 180 gold pieces at shops.

Inventory:

Hand Weapons
 a - a +1 spectral war axe (weapon)
 b - a +1 flail of holy wrath
Missiles
 c - 246 stones (quivered)
 e - a throwing net
 f - 22 poisoned darts
 g - 169 arrows
 v - 77 sling bullets
 y - 55 bolts
 C - a curare-tipped dart
 D - a boomerang
Armour
 d - a +1 helmet
 i - a +0 cloak (worn)
 l - a +0 pair of gloves (worn)
 z - a +0 chain mail (worn)
Jewellery
 j - a ring of ice
 A - a ring of positive energy (left hand)
 B - the dreamshard necklace {*Dream Drain}
   (You took it off an orc on level 8 of the Dungeon)

   [amulet of nothing]

   It shatters if its wearer takes lethal or near-lethal damage, preventing the
   blow and releasing protective dreams that heal and fight for the wearer.
   Drain:     It drains your maximum health when unequipped.
Wands
 m - a wand of digging (7)
 r - a wand of mindburst (21)
 w - a wand of paralysis (15)
 E - a wand of iceblast (5)
Scrolls
 s - 2 scrolls of fog
 t - a scroll of fear
 u - a scroll of magic mapping
Potions
 h - 3 potions of heal wounds
 k - 2 potions of haste
 n - 3 potions of lignification
 o - 2 potions of curing
 p - 4 potions of cancellation
 q - 2 potions of might
 x - a potion of invisibility
 F - a potion of ambrosia


   Skills:
 * Level 9.2 Fighting
 + Level 9.9 Axes
 + Level 1.3(6.9) Maces & Flails
 + Level 2.4 Throwing
 + Level 8.3 Armour
 + Level 3.0 Dodging
 + Level 1.6 Stealth
 + Level 0.5 Evocations


You had 9 spell levels left.
You didn't know any spells.
Your spell library was empty.

Dungeon Overview and Level Annotations

Branches:
Dungeon (10/15)            Temple (1/1) D:6
   Lair: D:8-11         Orc: D:9-12

Altars:
Ashenzari
Cheibriados
Dithmenos
Elyvilon
Fedhas
Gozag
Hepliaklqana
Kikubaaqudgha
Makhleb
Nemelex Xobeh
Okawaru
Qazlal
Ru
Sif Muna
Trog
Uskayaw
Vehumet
Wu Jian
Xom
Yredelemnul
Zin
The Shining One

Shops:
D:3 ?   D:4 ((!   D:5 *


Innate Abilities, Weirdness & Mutations

You are immune to sickness and miasma.
Your stone body is resilient. (AC +7)
You are immune to poison.
You resist negative energy. (rN+)
You are resistant to electric shocks. (rElec)
You are resistant to unholy torment.
You are immune to petrification.
You have a pair of small horns on your head.
Your body sometimes deteriorates upon taking damage.
Your muscles are strong. (Str +2)
You sometimes lose the ability to read scrolls when taking damage.


Message History

The hornet stings you but does no damage.
You closely miss the hornet.
You headbutt the hornet, but do no damage.
The hornet is heavily wounded.
You slice the two-headed ogre!! You barely miss the hornet.
You slash the orc warrior! The hornet closely misses you.
The hornet stings you.
The two-headed ogre hits you but does no damage.
The two-headed ogre hits you with a +0 giant club!
You are too injured to fight recklessly!
Unknown command.
You are too injured to fight recklessly!
Unknown command.
You are too injured to fight recklessly!
You slash the hornet!
The hornet is heavily wounded.
You hit the two-headed ogre. You closely miss the hornet.
You hit the orc warrior. The hornet completely misses you.
The hornet stings you!
Unknown command.
You miss the hornet.
The hornet is heavily wounded.
You slash the orc!
You kill the orc!
Trog accepts your kill.
You hit the orc warrior but do no damage.
You slash the hornet! You slash the two-headed ogre!
Your +1 spectral war axe hits the orc warrior!
You kill the orc warrior!
Trog accepts your kill.
Your +1 spectral war axe hits the hornet.
The hornet stings you!
* * * LOW HITPOINT WARNING * * *
The hornet stings you!
* * * LOW HITPOINT WARNING * * *
The two-headed ogre hits you with a +0 giant club!
* * * LOW HITPOINT WARNING * * *
Your body deteriorates!
You feel clumsy.
The two-headed ogre hits you with a +0 giant club!
You die...

##..## .>......# #..##
........# #####'#######
........####............
........##.'............
........##.#............
.......o##.#............
......Oy##.#............
......y@#..#..>.........
......()'.##............
........####............
........# ############
#########


You could see a two-headed ogre, 2 hornets, an orc and a friendly +1 spectral
war axe (summoned).

Vanquished Creatures
  A centaur warrior (D:9)
  A two-headed ogre (D:9)
  The ghost of Bediveer the Skirmisher, an amateur HOFi (D:4)
  2 hornets (D:8)
  Eustachio (D:5)
  The ghost of GaryGuesser the Conjurer, an amateur HuCj of Gozag (D:3)
  A water moccasin (D:8)
  4 orc warriors
  2 ice beasts
  A sky beast (D:8)
  3 black bears
  2 necrophages (D:8)
  An ogre (D:5)
  5 centaurs
  A phantom (D:5)
  4 bullfrogs (D:8)
  A kobold brigand (D:8)
  3 scorpions
  2 water moccasin skeletons
  2 oklob saplings (D:8)
  A killer bee (D:8)
  3 howler monkeys
  5 wights (D:9)
  2 bullfrog zombies
  2 hounds
  3 orc priests
  A bullfrog skeleton (D:5)
  4 orc wizards
  An iguana (D:5)
  4 killer bee zombies
  A mummy (D:5)
  A howler monkey zombie (D:5)
  A gnoll (D:3)
  A howler monkey skeleton (D:7)
  19 adders
  2 shadow imps
  2 white imps
  An ufetubus (D:5)
  4 worms
  4 dart slugs
  22 orcs
  17 ball pythons
  10 bats
  6 endoplasms
  6 giant cockroaches
  6 goblins
  15 hobgoblins
  5 quokkas
  4 frilled lizards
  2 hobgoblin zombies (D:5)
  15 kobolds
  A kobold zombie (D:5)
  An orc zombie (D:5)
  5 rats
  A bush (D:8)
217 creatures vanquished.

Vanquished Creatures (others)
  A goblin (D:2)
  11 plants (D:8)
12 creatures vanquished.

Grand Total: 229 creatures vanquished

Notes
Turn   | Place    | Note
-------+----------+-------------------------------------------
     0 | D:1      | dracfodder the Gargoyle Berserker began the quest for the
                  | Orb.
     0 | D:1      | Reached XP level 1. HP: 14/14 MP: 1/1
   142 | D:2      | Reached XP level 2. HP: 18/19 MP: 2/2
   782 | D:2      | Reached XP level 3. HP: 20/24 MP: 3/3
   802 | D:2      | Reached ** piety under Trog
   957 | D:1      | You fall into a shaft and drop 1 floor!
  1683 | D:2      | Reached XP level 4. HP: 10/29 MP: 4/4
  1920 | D:3      | Found Zaqac's Magic Scroll Boutique.
  2461 | D:3      | Reached XP level 5. HP: 28/33 MP: 5/5
  2700 | D:3      | Found a runed translucent door.
  2700 | D:3      | Noticed a black bear
  2710 | D:3      | Killed a black bear
  2713 | D:3      | Noticed GaryGuesser's ghost (amateur HuCj)
  2800 | D:3      | Reached XP level 6. HP: 15/39 MP: 6/6
  3004 | D:3      | Bought 3 scrolls of identify for 84 gold pieces
  3040 | D:3      | Found a faded altar of an unknown god.
  3047 | D:3      | Reached *** piety under Trog
  3473 | D:3      | Noticed an orc warrior
  3484 | D:3      | Killed an orc warrior
  3485 | D:3      | Reached skill level 5 in Fighting
  3738 | D:3      | Killed GaryGuesser's ghost
  3739 | D:3      | Reached skill level 5 in Axes
  3739 | D:3      | Reached XP level 7. HP: 44/44 MP: 7/7
  3798 | D:4      | Found Hyidaga's Weapon Shop.
  3817 | D:4      | Found a burning altar of Makhleb.
  3817 | D:4      | Found a snail-covered altar of Cheibriados.
  3909 | D:4      | Found Paloeq's Weapon Shop.
  4082 | D:5      | Entered Level 5 of the Dungeon
  4140 | D:4      | Found a runed translucent gate.
  4140 | D:4      | Found a runed translucent gate.
  4140 | D:4      | Found a runed translucent gate.
  4141 | D:4      | Found an opulent altar of Gozag.
  4141 | D:4      | Noticed Bediveer's ghost (amateur HOFi)
  4355 | D:4      | Found Qoekeur's Distillery.
  4364 | D:4      | Bought a potion of mutation for 96 gold pieces
  4364 | D:4      | Gained mutation: Your flesh is heat resistant. (rF+)
                  | [potion of mutation]
  4364 | D:4      | Gained mutation: Potions are less effective at restoring
                  | your health. [potion of mutation]
  4364 | D:4      | Gained mutation: You have sharp toenails. [potion of
                  | mutation]
  4630 | D:4      | Killed Bediveer's ghost
  4687 | D:5      | Reached XP level 8. HP: 46/51 MP: 8/8
  4782 | D:5      | Reached skill level 5 in Armour
  4866 | D:5      | Noticed Eustachio
  4875 | D:5      | Killed Eustachio
  5017 | D:5      | Found Xaneegh's Assorted Antiques.
  5315 | D:5      | Reached **** piety under Trog
  5492 | D:5      | Reached XP level 9. HP: 55/57 MP: 9/9
  5588 | D:6      | Lost mutation: Potions are less effective at restoring your
                  | health. [potion of mutation]
  5588 | D:6      | Lost mutation: You have sharp toenails. [potion of
                  | mutation]
  5588 | D:6      | Lost mutation: Your flesh is heat resistant. (rF+) [potion
                  | of mutation]
  5588 | D:6      | Gained mutation: Your flesh is heat resistant. (rF+)
                  | [potion of mutation]
  5588 | D:6      | Gained mutation: You tend to lose your temper in combat.
                  | [potion of mutation]
  5917 | D:6      | Found a staircase to the Ecumenical Temple.
  5926 | Temple   | Entered the Ecumenical Temple
  6993 | D:7      | Lost mutation: Your flesh is heat resistant. (rF+) [potion
                  | of mutation]
  6993 | D:7      | Lost mutation: You tend to lose your temper in combat.
                  | [potion of mutation]
  6993 | D:7      | Gained mutation: You sometimes lose the ability to read
                  | scrolls when taking damage. [potion of mutation]
  6993 | D:7      | Gained mutation: Your body sometimes deteriorates upon
                  | taking damage. [potion of mutation]
  6993 | D:7      | Gained mutation: You have a pair of small horns on your
                  | head. [potion of mutation]
  6993 | D:7      | Gained mutation: Your muscles are strong. (Str +2) [potion
                  | of mutation]
  7599 | D:7      | Reached skill level 1 in Stealth
  8015 | D:8      | Noticed a hornet
  8024 | D:8      | Killed a hornet
  8400 | D:8      | Reached XP level 10. HP: 57/64 MP: 10/10
  9365 | D:8      | Reached skill level 1 in Throwing
 10141 | D:9      | Noticed a two-headed ogre
 10149 | D:9      | Killed a two-headed ogre
 10226 | D:9      | Noticed a centaur warrior
 10238 | D:9      | Killed a centaur warrior
 10239 | D:9      | Reached skill level 1 in Maces & Flails
 10463 | D:10     | Entered Level 10 of the Dungeon
 10477 | D:9      | Noticed a two-headed ogre
 10487 | D:9      | Slain by a two-headed ogre

Illustrated notes

Levels and vault maps discovered:
D:1:      matt_arrival_diagonals, layout_basic
D:2:      layout_basic, minmay_3d_cube
D:3:      minmay_razor_zed, layout_loops_ring,
          chequers_ecumenical_altar_simple_redux, ebering_ghost_sewer_d,
          serial_shops, nicolae_shop_trees, minmay_pentangle
D:4:      layout_gridville, jmf_multi_god_temple, serial_shops,
          nicolae_shop_hallway_stairs, nicolae_square_shop, nicolae_shop_trees,
          ebering_ghost_gozag
D:5:      layout_basic, serial_shops, shop, minmay_mini_ossuary, uniq_eustachio
D:6:      layout_basic, temple_statues
D:7:      layout_loops_corners
D:8:      minmay_octagon_keep, layout_basic, introduction_to_nature_1
D:9:      layout_roguey, lair_entry_dummy, uniq_harold, uniq_pikel
D:10:     layout_basic, interstate_on_off, uniq_urug
Temple:   mainiacjoe_temple_big_plus

Skill      XL: |  1  2  3  4  5  6  7  8  9 10 |
---------------+-------------------------------+-----
Axes           | 3 4 5 7 9 |  9.9
Fighting       | 4 5 7 8 9 |  9.2
Armour         | 3 4 5 7 8 |  8.3
Dodging        | 2 3 |  3.0
Stealth        | 1 |  1.6
Throwing       | 2 |  2.4
Maces & Flails | 1 |  1.3
Evocations     | |  0.5

Action                   |  1- 3 |  4- 6 |  7- 9 | 10-12 || total
-------------------------+-------+-------+-------+-------++-------
Melee: Hand axe          |   122 |   153 |   104 |       ||   379
       Punch             |     1 |     3 |     5 |     2 ||    11
       Kick              |       |       |    35 |       ||    35
       War axe           |       |       |   206 |   111 ||   317
       Headbutt          |       |       |    19 |    25 ||    44
       Flail             |       |       |       |     9 ||     9
Throw: Stone             |       |       |       |    28 ||    28
       Dart              |       |       |       |    17 ||    17
Invok: Berserk           |     2 |     1 |     2 |     3 ||     8
       Trog's Hand       |       |     1 |     1 |     2 ||     4
Evoke: Wand              |       |     4 |       |       ||     4
  Use: Scroll            |       |     9 |     9 |     5 ||    23
       Potion            |       |       |     4 |     1 ||     5
Armor: Animal skin       |    19 |       |       |       ||    19
       Chain mail        |    49 |   115 |   249 |    65 ||   478
Dodge: Dodged            |    62 |    69 |   140 |    47 ||   318

Table legend: (Time is in decaauts)
 A = Elapsed time spent in this place.
 B = Non-inter-level travel time spent in this place.
 C = Inter-level travel time spent in this place.
 D = Time resting spent in this place.
 E = Time spent auto-exploring this place.
 F = Levels seen in this place.
 G = Mean time per level.
                   A        B        C        D        E       F      G
               +--------+--------+--------+--------+--------+-----+--------+
         Total |  10617 |  10324 |    293 |   2065 |   6206 |  11 |  965.2 |
       Dungeon |  10200 |   9932 |    268 |   2065 |   5823 |  10 | 1020.0 |
        Temple |    416 |    391 |     25 |      0 |    383 |   1 |  416.0 |
               +--------+--------+--------+--------+--------+-----+--------+

Top non-repeatable levels by time:
     D:8: 1902 daAuts
     D:3: 1590 daAuts
     D:1: 1381 daAuts
     D:7: 1020 daAuts
     D:6: 990 daAuts
     D:2: 897 daAuts
     D:5: 883 daAuts
     D:4: 854 daAuts
     D:9: 678 daAuts
  Temple: 416 daAuts
    D:10: 1 daAuts
